Map: Acid Plant LE

Players

SpaceRonin - Winner!

  • Race: Protoss Protoss
  • League: Gold
  • Spawn Location: 5:00

Kozzy

  • Race: Protoss Protoss
  • League: Gold
  • Spawn Location: 11:00

VOD

Have the link to the VOD?

Description

Time

  • Played on: April 1, 2018, 4:58 a.m.
  • Length: 6:48
Show
View Real Time Build Order
Export as new Build Order

SpaceRonin Protoss - Winner!

Build Orders: Dark Templar Rush 

Get SALT Encoding   

  12  0:02  Probe  
  13  0:24  Probe (Chrono Boost)  
  13  0:25  Pylon  
  14  0:33  Probe (Chrono Boost)  
  15  0:44  Gateway  
  15  0:53  Probe  
  15  0:54  Pylon  
  16  1:05  Probe  
  16  1:19  Assimilator  
  16  1:22  Assimilator  
  16  1:24  Forge  
  16  1:32  Cybernetics Core  
  16  1:37  Zealot (Chrono Boost)  
  18  1:46  Probe  
  19  1:58  Probe  
  20  2:02  Pylon  
  20  2:10  Probe  
  20  2:29  Twilight Council  
  20  2:39  Robotics Facility  
  20  3:11  Stalker  
  20  3:19  Dark Shrine  
  20  3:28  Immortal, Warp Gate (Chrono Boost)  
  24  3:38  Probe (Chrono Boost)  
  25  3:48  Probe (Chrono Boost), Stalker  
  28  3:53  Probe (Chrono Boost)  
  29  4:06  Gateway  
  29  4:11  Observer  
  30  4:19  Stalker  
  32  4:26  Probe  
  33  4:35  Shadow Stride  
  33  4:43  Pylon  
  31  4:55  Immortal  
  35  5:18  Dark Templar  
  37  5:31  Dark Templar  
  31  5:56  Stalker  
  29  6:06  Dark Templar  
  31  6:17  Pylon  
  31  6:18  Observer  
Show
View Real Time Build Order
Export as new Build Order

Kozzy Protoss 

Build Orders:  

Get SALT Encoding   

  12  0:01  Probe  
  13  0:13  Probe  
  14  0:24  Pylon  
  14  0:25  Probe  
  15  0:42  Probe  
  16  0:48  Gateway  
  16  0:51  Assimilator  
  16  0:54  Probe (Chrono Boost)  
  17  1:03  Probe (Chrono Boost)  
  18  1:08  Probe (Chrono Boost)  
  19  1:20  Probe (Chrono Boost)  
  20  1:32  Probe (Chrono Boost)  
  21  1:37  Probe (Chrono Boost)  
  22  1:42  Cybernetics Core  
  22  1:45  Pylon  
  22  1:47  Assimilator  
  22  1:48  Probe  
  23  1:59  Pylon  
  23  2:23  Gateway  
  23  2:25  Warp Gate  
  23  2:28  Stalker (Chrono Boost)  
  25  2:33  Pylon  
  25  2:37  Gateway  
  25  2:50  Shield Battery  
  24  3:00  Probe  
  24  3:03  Stalker  
  25  3:12  Probe (Chrono Boost)  
  25  3:22  Pylon  
  25  3:23  Probe (Chrono Boost)  
  26  3:27  Pylon, Probe (Chrono Boost)  
  26  3:31  Pylon  
  27  3:47  Gateway  
  27  4:02  Gateway  
  27  4:19  Pylon  
  27  4:30  Stalker  
  29  4:31  Stalker x2  
  33  4:40  Gateway  
  33  5:01  Stalker x3  
  31  5:48  Stalker x4  
  31  5:49  Stalker  
  31  6:15  Stalker  
  31  6:16  Stalker x3  
Tags
 
League
GoldGold
Matchup
PvP
Spawn Locations
Cross Positions
Add a new tag
Caveats
  • Supply blocks, unpowered buildings, or Contaminate may cause inaccurate times.
  • Supply counts are checked every 10 seconds.